 Dungeon Crawl Stone Soup version 0.24.0-37-gcf1ca852f1 (webtiles) character file.

Game seed: 5443286732817442809, levelgen mode: deterministic

415 MJtheKandyman the Magician (level 6, -1/36 HPs)
             Began as a Deep Elf Air Elementalist on Nov 24, 2019.
             Was an Initiate of Vehumet.
             Shot with an arrow by a centaur (14 damage)
             ... on level 5 of the Dungeon.
             The game lasted 00:40:40 (6529 turns).

MJtheKandyman the Magician (DEAE)                   Turns: 6529, Time: 00:40:41

Health: -1/36      AC:  4    Str:  5    XL:     6   Next: 60%
Magic:  15/16      EV: 14    Int: 22    God:    Vehumet [......]
Gold:   151        SH:  0    Dex: 15    Spells: 11/15 levels left

rFire    . . .     SeeInvis .   b - +0 dagger
rCold    . . .     Gourm    .   (no shield)
rNeg     . . .     Faith    .   a - +0 robe
rPois    .         Spirit   .   o - +1 hat
rElec    .         Reflect  .   (no cloak)
rCorr    .         Harm     .   (no gloves)
MR       .....                  j - +0 pair of boots
Stlth    ++........             (no amulet)
HPRegen  0.12/turn              (no ring)
MPRegen  0.15/turn              (no ring)

@: very slightly contaminated, invisible
A: no striking features
a: Renounce Religion


You were on level 5 of the Dungeon.
You worshipped Vehumet.
Vehumet was noncommittal.
You were hungry.

You visited 1 branch of the dungeon, and saw 5 of its levels.

You collected 151 gold pieces.

Inventory:

Hand Weapons
 b - a +0 dagger (weapon)
Missiles
 d - 52 stones (quivered)
 f - 17 poisoned darts
Armour
 a - a +0 robe (worn)
 j - a +0 pair of boots (worn)
 o - a +1 hat (worn)
Jewellery
 q - an uncursed ring of resist corrosion
Scrolls
 g - a scroll of fear
Potions
 h - a potion of invisibility
 i - a potion of agility
 k - a potion of brilliance
 l - a potion of flight
 m - a potion of degeneration
 r - a potion of curing {unknown}
Comestibles
 c - 4 rations


   Skills:
 + Level 2.4 Fighting
 - Level 4.0 Dodging
 - Level 2.6 Stealth
 + Level 5.4 Spellcasting
 - Level 2.0 Conjurations
 + Level 4.6 Air Magic


You had 11 spell levels left.
You knew the following spells:

 Your Spells              Type           Power        Failure   Level  Hunger
a - Shock                 Conj/Air       ###.         2%          1    None
b - Magic Dart            Conj           ###.         4%          1    None
c - Swiftness             Chrm/Air       ###.....     5%          2    None

Your spell library contained the following spells:

 Spells                   Type           Power        Failure   Level  Hunger
 Static Discharge         Conj/Air       ###.....     8%          3    ##.....
 Mephitic Cloud           Conj/Pois/Air  ###.....     12%         3    ##.....
 Blink                    Tloc           N/A          14%         2    None
 Call Imp                 Summ           #.......     14%         2    None
 Slow                     Hex            #.......     14%         2    None
 Airstrike                Air            ####......   14%         4    ####...
 Conjure Flame            Conj/Fire      ##......     19%         3    ##.....
 Lightning Bolt           Conj/Air       ###.......   56%         5    #####..


Dungeon Overview and Level Annotations

Branches:
Dungeon (5/15)
 Temple: D:4-7

Altars:
Dithmenos
Elyvilon
Kikubaaqudgha
Vehumet

Annotations:
D:3 Ijyb, Robin


Message History

You see here an arrow.
You fade into invisibility!
You are very lightly contaminated with residual magic.
The centaur shoots an arrow.
The arrow misses you.
The centaur shoots an arrow.
The centaur shoots an arrow. x2
The centaur shoots an arrow.
The arrow hits you!
You see here an arrow.
You start resting.
The centaur is too close now for your liking.
Casting: Shock (safe; 2% risk of failure)
Confirm with . or Enter, or press ? or * to list all spells.
Aiming: Shock (safe; 2% risk of failure)
Press: ? - help, Shift-Dir - straight line The zap hits the centaur.
The centaur is lightly wounded.
The zap hits the centaur.
The centaur is moderately wounded.
The centaur shoots an arrow.
The arrow hits you!
You die...

#.# #.# #.## #.#
...# #.#
...###.#######
.............#
..######.###.#####
..# ##......(.c.#
### ##..(..#.###.#
##..<.....# #@#
#.........# #.#
##.......## #.#
##...c.## #.#
##..)######.#
####(........#
+.......######
###(...## #...##


You could see a centaur.

Vanquished Creatures
  A phantom (D:5)
  A centaur skeleton (D:4)
  An orc priest (D:4)
  A bullfrog skeleton (D:2)
  An orc wizard (D:4)
  An iguana (D:4)
  A worker ant (D:4)
  5 adders
  An ooze (D:1)
  3 worms (D:2)
  3 dart slugs
  5 leopard geckos
  8 orcs
  3 giant cockroaches
  11 goblins
  10 hobgoblins
  A quokka (D:2)
  4 ball pythons
  13 bats
  11 frilled lizards
  A giant cockroach zombie (D:5)
  8 kobolds
  4 rats
98 creatures vanquished.

Vanquished Creatures (others)
  A bat (D:3)
  A quokka (D:3)
  A withered plant (D:3)
3 creatures vanquished.

Grand Total: 101 creatures vanquished

Notes
Turn   | Place    | Note
-------+----------+-------------------------------------------
     0 | D:1      | MJtheKandyman the Deep Elf Air Elementalist began the quest
                  | for the Orb.
     0 | D:1      | Reached XP level 1. HP: 10/10 MP: 6/6
   442 | D:1      | Reached XP level 2. HP: 15/15 MP: 4/8
  1409 | D:1      | Reached XP level 3. HP: 20/20 MP: 8/10
  2554 | D:2      | Reached skill level 1 in Fighting
  2554 | D:2      | Reached skill level 4 in Spellcasting
  2554 | D:2      | Reached XP level 4. HP: 25/25 MP: 6/12
  4111 | D:2      | Found a shadowy altar of Dithmenos.
  4167 | D:3      | Reached XP level 5. HP: 24/29 MP: 11/13
  4415 | D:3      | Found a white marble altar of Elyvilon.
  4423 | D:3      | Noticed Ijyb
  5073 | D:4      | Learned a level 2 spell: Swiftness
  5466 | D:4      | Found a radiant altar of Vehumet.
  5544 | D:4      | Reached XP level 6. HP: 26/35 MP: 9/15
  5546 | D:4      | Reached skill level 5 in Spellcasting
  5627 | D:4      | Became a worshipper of Vehumet
  5655 | D:4      | Learned a level 1 spell: Magic Dart
  5702 | D:3      | Noticed Robin
  5710 | D:3      | Noticed a sky beast
  5799 | D:3      | Found an ancient bone altar of Kikubaaqudgha.
  6320 | D:5      | Entered Level 5 of the Dungeon
  6529 | D:5      | Shot with an arrow by a centaur

Levels and vault maps discovered:
D:1:      onia_arrival_pentagram, layout_basic, minmay_lizard_king
D:2:      kennysheep_the_goblin_king, layout_basic,
          lemuel_coloured_pillars_altar, first_ration
D:3:      layout_loops_cross, kiku_gazebo_garden_becter, elyvilon_altar_4,
          uniq_ijyb, uniq_robin
D:4:      layout_loops_ring, vehumet_crystals, minivault_25,
          corexii_item_surrounded_by_moat
D:5:      layout_loops_corners, hangedman_abyss_or_decor_passed,
          hangedman_decor_lopped, uniq_edmund, uniq_pikel

Skill      XL: |  1  2  3  4  5  6 |
---------------+-------------------+-----
Dodging        | 3 4 |  4.0
Fighting       | 1 2 |  2.4
Spellcasting   | 4 5 |  5.4
Conjurations   | 2 |  2.0
Air Magic      | 4 |  4.6
Stealth        | |  2.6

Action                   |  1- 3 |  4- 6 || total
-------------------------+-------+-------++-------
Melee: Dagger            |       |     9 ||     9
Throw: Stone             |    17 |    25 ||    42
       Dart              |     7 |     4 ||    11
 Cast: Shock             |    91 |   130 ||   221
       Magic Dart        |       |    15 ||    15
       Swiftness         |       |     2 ||     2
  Use: Scroll            |       |     8 ||     8
       Potion            |       |     3 ||     3
  Eat: Chunk             |     5 |    11 ||    16
Armor: Robe              |     7 |    26 ||    33
Dodge: Dodged            |    19 |   116 ||   135
